3AAA
LÉVIS ROCKS @ HIALEAH DODOS
07/25/2018
 
TOP OF THE 1ST
Lévis Rocks batting - Pitching for Hialeah Dodos : RHP Thad Floyd
Pitching: RHP Thad Floyd
Batting: LHB Edward Carlson 0-0: Ball
1-0: Foul Ball, location: 2F
1-1: Fly out, F8 (Flyball, 8LM)
Batting: RHB Raúl Valadez 0-0: Called Strike
0-1: Foul Ball, location: 2F
0-2: Ball
1-2: Strikes out swinging
Batting: RHB Dan Holliday 0-0: Fly out, F8 (Flyball, 8RM)
Top of the 1st over - 0 run(s), 0 hit(s), 0 error(s), 0 left on base; Lévis 0 - Hialeah 0
BOTTOM OF THE 1ST
Hialeah Dodos batting - Pitching for Lévis Rocks : RHP Andrés Martínez
Pitching: RHP Andrés Martínez
Batting: RHB Herman Cook 0-0: Called Strike
0-1: SINGLE (Groundball, 4)
Batting: RHB Reece White 0-0: Ball
1-0: Ball
2-0: Foul Ball, location: 2F
2-1: SINGLE (Line Drive, 6MD)
Herman Cook to second
Batting: LHB Bill Griffin 0-0: Ball
1-0: Called Strike
1-1: Fly out, F6 (Popup, 6MD)
Batting: RHB Joe Andrews 0-0: Ball
1-0: Ball
2-0: DOUBLE (Line Drive, 7D)
Herman Cook scores
Reece White to third
Batting: RHB Peter Baker 0-0: Ball
1-0: Ball
2-0: Foul Ball, location: 2F
2-1: Foul Ball, location: 2F
2-2: Foul Ball, location: 2F
2-2: Ball
3-2: Strikes out swinging
Batting: RHB Kelly Flint 0-0: Ball
1-0: Ball
2-0: Ball
3-0: Base on Balls
Batting: RHB Mitch Jensen 0-0: Called Strike
0-1: Ball
1-1: Ball
2-1: Fly out, F4 (Popup, 9S)
Bottom of the 1st over - 1 run(s), 3 hit(s), 0 error(s), 3 left on base; Lévis 0 - Hialeah 1
TOP OF THE 2ND
Lévis Rocks batting - Pitching for Hialeah Dodos : RHP Thad Floyd
Batting: RHB Pedro Mendoza 0-0: Foul Ball, location: 2F
0-1: Foul Ball, location: 2F
0-2: Ball
1-2: Strikes out looking
Batting: RHB Ernie McPherson 0-0: Ball
1-0: Swinging Strike
1-1: Ground out 6-3 (Groundball, 6M)
Batting: SHB Bartolo Fernández 0-0: Called Strike
0-1: Ball
1-1: Swinging Strike
1-2: Ball
2-2: Foul Ball, location: 2F
2-2: Ball
3-2: SINGLE (Line Drive, 6MD)
Batting: RHB Jim Unknown 0-0: Ball
1-0: SINGLE (Groundball, 4M)
Bartolo Fernández to second
Batting: RHB Nectanebos Dolenian 0-0: Ball
1-0: Fly out, F9 (Flyball, 89M)
Top of the 2nd over - 0 run(s), 2 hit(s), 0 error(s), 2 left on base; Lévis 0 - Hialeah 1
BOTTOM OF THE 2ND
Hialeah Dodos batting - Pitching for Lévis Rocks : RHP Andrés Martínez
Batting: RHB Brian King 0-0: Ball
1-0: Ball
2-0: Ball
3-0: Called Strike
3-1: Base on Balls
Batting: RHB Ji-chol Yang 0-0: Foul Ball, location: 2F
0-1: Ball
Brian King steals 2nd base
1-1: Ball
2-1: Called Strike
2-2: Ball
3-2: Base on Balls
Batting: RHB Herman Cook 0-0: Called Strike
0-1: Ball
1-1: Ball
2-1: Ball
3-1: Foul Ball, location: 2F
3-2: Strikes out swinging
Batting: RHB Reece White 0-0: Ball
1-0: Ball
2-0: Swinging Strike
2-1: Foul Ball, location: 2F
2-2: Strikes out swinging
Batting: LHB Bill Griffin 0-0: Ball
1-0: Ball
2-0: Called Strike
2-1: Foul Ball, location: 2F
2-2: Fly out, F8 (Line Drive, 8RS)
Bottom of the 2nd over - 0 run(s), 0 hit(s), 0 error(s), 2 left on base; Lévis 0 - Hialeah 1
TOP OF THE 3RD
Lévis Rocks batting - Pitching for Hialeah Dodos : RHP Thad Floyd
Batting: RHB Jimmy Allen 0-0: Called Strike
0-1: Ball
1-1: Foul Ball, location: 2F
1-2: Foul Ball, location: 2F
1-2: Ball
2-2: SINGLE (Line Drive, 7S)
Batting: LHB Edward Carlson 0-0: SINGLE (Line Drive, 4MD)
Jimmy Allen to second
Runner from 2nd tries for 3rd, SAFE, throw made to third
Edward Carlson to second
Batting: RHB Raúl Valadez 0-0: Called Strike
0-1: Called Strike
0-2: Ball
1-2: Foul Ball, location: 2F
1-2: Ball
2-2: Strikes out swinging
Batting: RHB Dan Holliday 0-0: Called Strike
0-1: Ball
1-1: Swinging Strike
1-2: Ball
2-2: Fly out, F8 (Flyball, 8RXD)
Runner from 3rd tags up, SCORES, no throw
Edward Carlson to third
Batting: RHB Pedro Mendoza 0-0: Called Strike
0-1: Ball
1-1: Fly out, F8 (Flyball, 8LD)
Top of the 3rd over - 1 run(s), 2 hit(s), 0 error(s), 1 left on base; Lévis 1 - Hialeah 1
BOTTOM OF THE 3RD
Hialeah Dodos batting - Pitching for Lévis Rocks : RHP Andrés Martínez
Batting: RHB Joe Andrews 0-0: SINGLE (Line Drive, 8LS)
Batting: RHB Peter Baker 0-0: Ball
1-0: Ball
2-0: Ball
3-0: Called Strike
3-1: Ground out 5-3 (Groundball, 56S)
Joe Andrews to second
Batting: RHB Kelly Flint 0-0: Ball
1-0: Fly out, F9 (Flyball, 89S)
Batting: RHB Mitch Jensen 0-0: Called Strike
0-1: Ball
1-1: Ball
2-1: Ball
3-1: Base on Balls
Batting: RHB Brian King 0-0: Ball
1-0: Ball
2-0: Ball
3-0: Called Strike
3-1: Called Strike
3-2: Base on Balls
Joe Andrews to third
Mitch Jensen to second
Batting: RHB Ji-chol Yang 0-0: Ball
1-0: Swinging Strike
1-1: Called Strike
1-2: Ball
2-2: GRAND SLAM HOME RUN (Flyball, 7LD), Distance : 363 ft
Pitching: LHP Miguel López
Batting: RHB Herman Cook 0-0: Ball
1-0: Called Strike
1-1: Called Strike
1-2: Foul Ball, location: 2F
1-2: Ball
2-2: Foul Ball, location: 2F
2-2: Foul Ball, location: 2F
2-2: Foul Ball, location: 2F
2-2: SINGLE (Line Drive, 89S)
Batting: RHB Reece White 0-0: Called Strike
0-1: Called Strike
0-2: Foul Ball, location: 2F
0-2: Ball
1-2: Ground out 4-3 (Groundball, 4)
Bottom of the 3rd over - 4 run(s), 3 hit(s), 0 error(s), 1 left on base; Lévis 1 - Hialeah 5
TOP OF THE 4TH
Lévis Rocks batting - Pitching for Hialeah Dodos : RHP Thad Floyd
Batting: RHB Ernie McPherson 0-0: Ball
1-0: Ball
2-0: Ball
3-0: Called Strike
3-1: Base on Balls
Batting: SHB Bartolo Fernández 0-0: Called Strike
0-1: Ball
1-1: Ball
2-1: Called Strike
2-2: SINGLE (Flyball, 7S)
Ernie McPherson to second
Batting: RHB Jim Unknown 0-0: Called Strike
0-1: Ball
1-1: Fly out, F8 (Flyball, 8LM)
Batting: RHB Nectanebos Dolenian 0-0: Ball
1-0: Swinging Strike
1-1: Ball
2-1: Ball
3-1: Grounds into double play, 4-6-3 (Groundball, 4)
Top of the 4th over - 0 run(s), 1 hit(s), 0 error(s), 1 left on base; Lévis 1 - Hialeah 5
BOTTOM OF THE 4TH
Hialeah Dodos batting - Pitching for Lévis Rocks : LHP Miguel López
Batting: LHB Bill Griffin 0-0: Called Strike
0-1: Ball
1-1: SINGLE (Flyball, 8LS)
Batting: RHB Joe Andrews 0-0: Fielders Choice at 2nd, 1-4 (Groundball, 23)
Batting: RHB Peter Baker 0-0: Ball
1-0: Ball
2-0: Foul Ball, location: 2F
2-1: Ball
3-1: Base on Balls
Joe Andrews to second
Batting: RHB Kelly Flint 0-0: Called Strike
0-1: Foul Ball, location: 2F
0-2: Ball
1-2: Strikes out looking
Batting: RHB Mitch Jensen 0-0: Ball
1-0: Called Strike
1-1: Ball
2-1: Foul Ball, location: 2F
2-2: Hit by Pitch
Joe Andrews to third
Peter Baker to second
Batting: RHB Brian King 0-0: Called Strike
0-1: Ball
1-1: Swinging Strike
1-2: SINGLE (Groundball, 56)
Joe Andrews scores
Peter Baker to third
Mitch Jensen to second
Runner from 3rd tries for Home, SAFE, no throw or cutoff
Batting: RHB Ji-chol Yang 0-0: Called Strike
0-1: Ball
1-1: Ball
2-1: Ball
3-1: Swinging Strike
3-2: SINGLE (Groundball, 56)
Mitch Jensen to third
Brian King to second
Mitch Jensen scores
Brian King to third
Pitching: LHP Jim Unknown
Batting: RHB Herman Cook 0-0: SINGLE (Flyball, 15)
Brian King scores
Ji-chol Yang to second
Batting: RHB Reece White 0-0: Foul Ball, location: 2F
0-1: SINGLE (Groundball, 56D)
Ji-chol Yang to third
Herman Cook to second
Runner from 3rd tries for Home, SAFE, no throw or cutoff
Batting: LHB Bill Griffin 0-0: Ball
1-0: Ball
2-0: Ball
3-0: Called Strike
3-1: Foul Ball, location: 2F
3-2: Base on Balls
Herman Cook to third
Reece White to second
Batting: RHB Joe Andrews 0-0: Called Strike
0-1: Ball
1-1: Ball
2-1: GRAND SLAM HOME RUN (Flyball, 7D), Distance : 367 ft
Batting: RHB Peter Baker 0-0: Swinging Strike
0-1: Fly out, F9 (Line Drive, 9M)
Bottom of the 4th over - 9 run(s), 6 hit(s), 0 error(s), 0 left on base; Lévis 1 - Hialeah 14
TOP OF THE 5TH
Lévis Rocks batting - Pitching for Hialeah Dodos : RHP Thad Floyd
Batting: RHB Jimmy Allen 0-0: Ball
1-0: SINGLE (Flyball, 89S)
Batting: LHB Edward Carlson 0-0: Called Strike
0-1: Ball
1-1: Foul Ball, location: 2F
1-2: Foul Ball, location: 2F
1-2: Strikes out swinging
Batting: RHB Raúl Valadez 0-0: Swinging Strike
0-1: Foul Ball, location: 2F
0-2: Ball
1-2: Strikes out looking
Batting: RHB Dan Holliday 0-0: Foul Ball, location: 2F
0-1: Ball
1-1: Fielders Choice at 2nd, 6-4 (Groundball, 6)
Top of the 5th over - 0 run(s), 1 hit(s), 0 error(s), 0 left on base; Lévis 1 - Hialeah 14
BOTTOM OF THE 5TH
Hialeah Dodos batting - Pitching for Lévis Rocks : LHP Jim Unknown
Pitching: RHP Jim Unknown
Batting: RHB Kelly Flint 0-0: Foul Ball, location: 2F
0-1: Fly out, F8 (Flyball, 8LD)
Batting: RHB Mitch Jensen 0-0: Ball
1-0: Ground out 6-3 (Groundball, 6M)
Batting: RHB Brian King 0-0: Swinging Strike
0-1: Ball
1-1: Foul Ball, location: 2F
1-2: Ball
2-2: Ground out 1-3 (Groundball, 15)
Bottom of the 5th over - 0 run(s), 0 hit(s), 0 error(s), 0 left on base; Lévis 1 - Hialeah 14
TOP OF THE 6TH
Lévis Rocks batting - Pitching for Hialeah Dodos : RHP Thad Floyd
Batting: RHB Pedro Mendoza 0-0: Foul Ball, location: 2F
0-1: Ball
1-1: Swinging Strike
1-2: Strikes out looking
Batting: RHB Ernie McPherson 0-0: Called Strike
0-1: Ball
1-1: Ground out 4-3 (Groundball, 4)
Batting: SHB Bartolo Fernández 0-0: Ball
1-0: Ball
2-0: Swinging Strike
2-1: Foul Ball, location: 2F
2-2: Foul Ball, location: 2F
2-2: Ball
3-2: Strikes out swinging
Top of the 6th over - 0 run(s), 0 hit(s), 0 error(s), 0 left on base; Lévis 1 - Hialeah 14
BOTTOM OF THE 6TH
Hialeah Dodos batting - Pitching for Lévis Rocks : RHP Jim Unknown
Batting: RHB Ji-chol Yang 0-0: Called Strike
0-1: Ball
1-1: Ball
2-1: SINGLE (Flyball, 7S)
Batting: RHB Herman Cook 0-0: Ball
1-0: SINGLE (Line Drive, 8RS)
Ji-chol Yang to second
Runner from 2nd tries for 3rd, SAFE, throw made to third
Batting: RHB Reece White 0-0: Ball
1-0: Ground out 5-3 (Groundball, 56S)
Ji-chol Yang scores
Herman Cook to second
Batting: LHB Bill Griffin 0-0: Ball
1-0: Ball
2-0: Ground out 4-3 (Groundball, 34)
Herman Cook to third
Batting: RHB Joe Andrews 0-0: Called Strike
0-1: Swinging Strike
0-2: Fly out, F9 (Flyball, 9LM)
Bottom of the 6th over - 1 run(s), 2 hit(s), 0 error(s), 1 left on base; Lévis 1 - Hialeah 15
TOP OF THE 7TH
Lévis Rocks batting - Pitching for Hialeah Dodos : RHP Thad Floyd
Batting: RHB Jim Unknown 0-0: Called Strike
0-1: Ball
1-1: Foul Ball, location: 2F
1-2: Fly out, F7 (Flyball, 7LM)
Batting: RHB Nectanebos Dolenian 0-0: SINGLE (Line Drive, 6D)
Batting: RHB Jimmy Allen 0-0: Ground out 5-3 (Groundball, 5S)
Nectanebos Dolenian to second
Batting: LHB Edward Carlson 0-0: Ball
1-0: Ball
2-0: Ball
3-0: Base on Balls
Batting: RHB Raúl Valadez 0-0: Called Strike
0-1: DOUBLE (Groundball, 5L)
Nectanebos Dolenian scores
Edward Carlson to third
Batting: RHB Dan Holliday 0-0: Reached on error, E4 (Groundball, 4)
Edward Carlson scores
Raúl Valadez to third
Batting: RHB Pedro Mendoza 0-0: Foul Ball, location: 2F
0-1: Ball
1-1: Called Strike
1-2: Strikes out swinging
Top of the 7th over - 2 run(s), 2 hit(s), 1 error(s), 2 left on base; Lévis 3 - Hialeah 15
BOTTOM OF THE 7TH
Hialeah Dodos batting - Pitching for Lévis Rocks : RHP Jim Unknown
Pitching: RHP Aaron Morris
Batting: RHB Peter Baker 0-0: Ball
1-0: Called Strike
1-1: Ball
2-1: Ball
3-1: Foul Ball, location: 2F
3-2: Base on Balls
Batting: RHB Kelly Flint 0-0: Called Strike
0-1: Ball
1-1: 2-RUN HOME RUN (Flyball, 8LXD), Distance : 430 ft
Pitching: RHP Aurelio Nieves
Batting: RHB Mitch Jensen 0-0: Ball
1-0: Swinging Strike
1-1: Ball
2-1: Called Strike
2-2: Strikes out swinging
Batting: RHB Brian King 0-0: Called Strike
0-1: SINGLE (Groundball, 6D)
Batting: RHB Ji-chol Yang 0-0: Called Strike
0-1: Grounds into double play, 4-6-3 (Groundball, 4)
Bottom of the 7th over - 2 run(s), 2 hit(s), 0 error(s), 0 left on base; Lévis 3 - Hialeah 17
TOP OF THE 8TH
Lévis Rocks batting - Pitching for Hialeah Dodos : RHP Thad Floyd
Pitching: LHP Ben Flowers
Batting: RHB Ernie McPherson 0-0: Called Strike
0-1: Ball
1-1: Foul Ball, location: 2F
1-2: SOLO HOME RUN (Flyball, 7D), Distance : 373 ft
Batting: SHB Bartolo Fernández 0-0: Fly out, F5 (Popup, 5F)
Batting: RHB Jim Unknown 0-0: Ball
1-0: Ball
2-0: Called Strike
2-1: Fly out, F7 (Line Drive, 7D)
Batting: RHB Nectanebos Dolenian 0-0: Ball
1-0: Foul Ball, location: 2F
1-1: Ball
2-1: Ground out 1-3 (Groundball, 25)
Top of the 8th over - 1 run(s), 1 hit(s), 0 error(s), 0 left on base; Lévis 4 - Hialeah 17
BOTTOM OF THE 8TH
Hialeah Dodos batting - Pitching for Lévis Rocks : RHP Aurelio Nieves
Pinch Hitting: LHB José Alvia 0-0: Ball
1-0: Ball
2-0: Ball
3-0: Base on Balls
Batting: RHB Reece White 0-0: Called Strike
0-1: Ball
1-1: Called Strike
1-2: Foul Ball, location: 2F
1-2: SINGLE (Popup, 78S)
José Alvia to second
Batting: LHB Bill Griffin 0-0: Ball
1-0: Foul Ball, location: 2F
1-1: Foul Ball, location: 2F
1-2: Ball
2-2: Fly out, F8 (Flyball, 8RXD)
Runner from 2nd tags up, SAFE at 3rd, no throw
Batting: RHB Joe Andrews 0-0: Called Strike
0-1: Ball
1-1: Ball
2-1: Swinging Strike
2-2: Ball
3-2: 3-RUN HOME RUN (Flyball, 78XD), Distance : 427 ft
Pitching: RHP Jim Unknown
Pinch Hitting: LHB Craig Lovins 0-0: Ball
1-0: Ball
2-0: Called Strike
2-1: Ball
3-1: Base on Balls
Batting: RHB Kelly Flint 0-0: Ball
1-0: 2-RUN HOME RUN (Flyball, 89XD), Distance : 419 ft
Batting: RHB Mitch Jensen 0-0: Foul Ball, location: 2F
0-1: Ball
1-1: SINGLE (Line Drive, 7S)
Batting: RHB Brian King 0-0: Called Strike
0-1: Ball
1-1: Foul Ball, location: 2F
1-2: Fielders Choice at 2nd, 5-4 (Groundball, 56)
Batting: RHB Ji-chol Yang 0-0: Ball
1-0: Fly out, F8 (Line Drive, 8LS)
Bottom of the 8th over - 5 run(s), 4 hit(s), 0 error(s), 1 left on base; Lévis 4 - Hialeah 22
TOP OF THE 9TH
Lévis Rocks batting - Pitching for Hialeah Dodos : LHP Ben Flowers
Now in LF: José Alvia
Now in CF: Craig Lovins
Pinch Hitting: RHB Jim Unknown 0-0: Foul Ball, location: 2F
0-1: SOLO HOME RUN (Line Drive, 7D), Distance : 378 ft
Batting: LHB Edward Carlson 0-0: Ball
1-0: Bunt for hit - play at first, batter OUT! 1-4
Batting: RHB Raúl Valadez 0-0: Called Strike
0-1: Called Strike
0-2: SINGLE (Groundball, 56D)
Batting: RHB Dan Holliday 0-0: Ball
1-0: SINGLE (Line Drive, 34D)
Raúl Valadez to second
Batting: RHB Pedro Mendoza 0-0: Swinging Strike
0-1: Swinging Strike
0-2: Ball
1-2: Ball
2-2: Ball
3-2: Foul Ball, location: 2F
3-2: Foul Ball, location: 2F
3-2: Strikes out swinging
Batting: RHB Ernie McPherson 0-0: Ball
1-0: Called Strike
1-1: Called Strike
1-2: Foul Ball, location: 2F
1-2: Strikes out swinging
Top of the 9th over - 1 run(s), 3 hit(s), 0 error(s), 2 left on base; Lévis 5 - Hialeah 22
This league is powered by Out of the Park Baseball, the baseball management simulation game for PC, Mac and Linux
Monday, May 4th, 2015 - OOTP Baseball 15.6 Build 34